 Dungeon Crawl Stone Soup version 0.15.0-16-gce31824 (webtiles) character file.

98 Gigax the Twirler (level 4, -1/31 HPs)
             Began as an Octopode Gladiator on Sept 6, 2014.
             Was a Follower of Makhleb.
             Killed from afar by Gigax's ghost (11 damage)
             ... with a rocky blast
             ... on Level 3 of the Dungeon.
             The game lasted 00:03:39 (2370 turns).

Gigax the Twirler (Octopode Gladiator)              Turns: 2370, Time: 00:03:40

HP  -1/31        AC  1     Str 15      XL: 4   Next: 69%
MP   4/4         EV 13     Int 10      God: Makhleb [*.....]
Gold 114         SH  0     Dex 12      Spells:  0 memorised,  3 levels left

rFire  . . .     SeeInvis .     a - +0 quarterstaff
rCold  . . .     Clarity  .     (no shield)
rNeg   . . .     rCorr    .     c - +0 hat
rPois  .         rRot     .     (no amulet)
rElec  .         Spirit   .     e - ring of teleport control
SustAb .         Warding  .     (no ring)
rMut   .         Stasis   .     (no ring)
Gourm  .                        (no ring)
MR     .....                    (no ring)
                                (no ring)
                                (no ring)
                                (no ring)

@: lethally poisoned, not resistant to hostile enchantments, unstealthy
A: almost no armour, amphibious, 8 rings, constrict 8, camouflage 1, gelatinous
body 1
a: Renounce Religion, Evoke Teleport Control


You were on level 3 of the Dungeon.
You worshipped Makhleb.
Makhleb was aware of your devotion.
You were hungry.

You visited 1 branch of the dungeon, and saw 3 of its levels.

You collected 114 gold pieces.

Inventory:

Hand weapons
 a - a +0 quarterstaff (weapon)
Missiles
 d - 3 throwing nets (quivered)
Armour
 c - a +0 hat (worn)
Comestibles
 f - 2 bread rations
 g - a meat ration
 k - a rotting chunk of quokka flesh
Scrolls
 b - a scroll of remove curse
 h - a scroll of blinking {unknown}
 i - a scroll of identify {unknown}
 j - a scroll of teleportation
Jewellery
 e - a ring of teleport control (left tentacle)
Potions
 l - 2 potions of flight {unknown}


   Skills:
 + Level 3.4 Fighting
 + Level 4.2 Staves
 - Level 2.0 Throwing
 - Level 3.0 Dodging
 + Level 0.7 Invocations


You had 3 spell levels left.
You didn't know any spells.

Dungeon Overview and Level Annotations

Branches:
Dungeon (3/15)

Altars:
Makhleb

Annotations:
D:3 Gigax's ghost, weakling OpWn


Innate Abilities, Weirdness & Mutations

You cannot wear most types of armour.
You are amphibious.
You can wear up to eight rings at the same time.
You can use your tentacles to constrict many enemies at once.
Your skin changes colour to match your surroundings (Stealth).
Your rubbery body absorbs attacks (AC +1).


Message History

Read which item? (? for menu, Esc to quit)
As you read the scroll labeled XUPSUFUBBI, it crumbles to dust.
You feel strangely unstable.
It was a scroll of teleportation.
You barely miss Gigax's ghost. Your squeeze misses Gigax's ghost.
Your surroundings seem slightly different.
Gigax's ghost hits you!
You are poisoned.
Huge Dmg: -29%(-9hp) hp: 55%(17hp)
You feel sick.
Dmg: -6%(-2hp) hp: 49%(15hp)
You feel sick.
Gigax's ghost points at you and mumbles some strange words.
The rocky blast hits you!
Dmg: -10%(-3hp) hp: 39%(12hp)
You feel sick.
Dmg: -3%(-1hp) hp: 36%(11hp)
You feel sick. Gigax's ghost casts a spell at you. The rocky blast hits you!
You die...

##....#######.###......#
.....(...>......##.######
.......#...........#
#....#........#.##
####....#..........#
...................##
######.....#......# .
..########.....#......###....
...............@.<.............
##...........W.##.....###....
#.............#...).........
#####.##.............####..
..............#.....#
##.##.......##.#.###
..##..[....##...#
...............#.#
.........##....#.#


You could see Gigax's ghost.

Vanquished Creatures
  4 adders
  A giant mite (D:2)
  A worm (D:2)
  5 giant geckos
  3 giant cockroaches
  4 hobgoblins
  4 jackals (D:2)
  7 kobolds
  5 bats
  3 giant newts
  4 goblins (D:1)
  2 quokkas (D:2)
  4 rats (D:2)
47 creatures vanquished.

Notes
Turn   | Place    | Note
--------------------------------------------------------------
     0 | D:1      | Gigax, the Octopode Gladiator, began the quest for the Orb.
     0 | D:1      | Reached XP level 1. HP: 14/14 MP: 1/1
    91 | D:1      | Reached XP level 2. HP: 14/19 MP: 2/2
   649 | D:1      | Found a burning altar of Makhleb.
   666 | D:1      | Became a worshipper of Makhleb the Destroyer
  1106 | D:2      | Reached XP level 3. HP: 20/25 MP: 3/3
  1116 | D:2      | HP: 1/26 [poisoned by an adder]
  1821 | D:2      | Reached skill level 4 in Staves
  1821 | D:2      | Reached XP level 4. HP: 19/31 MP: 4/4
  2033 | D:2      | Acquired Makhleb's first power
  2359 | D:3      | Noticed Gigax's ghost (weakling OpWn)
  2370 | D:3      | Killed from afar by Gigax's ghost

Action                   |  1- 3 |  4- 6 || total
-------------------------+-------+-------++-------
Melee: Quarterstaff      |    71 |    33 ||   104
  Use: Scroll            |       |     2 ||     2
 Stab: Sleeping          |     2 |       ||     2
       Distracted        |     1 |       ||     1
  Eat: Chunk             |     1 |     3 ||     4
